 Dungeon Crawl Stone Soup version 0.29-a0-1019-g84f7d21838 (webtiles) character file.

Game seed: 10194272581101770051

275 Zonian the Shield-Bearer (level 6, -7/48 HPs)
             Began as a Human Fighter on Aug 11, 2022.
             Mangled by an iguana (10 damage)
             ... on level 4 of the Dungeon.
             The game lasted 00:11:49 (6319 turns).

Zonian the Shield-Bearer (Human Fighter)            Turns: 6319, Time: 00:11:50

Health: -7/48      AC: 10    Str: 13 (16) XL:     6   Next: 50%
Magic:  6/6        EV:  8    Int:  8 (9)  God:
Gold:   293        SH:  5    Dex: 13 (14) Spells: 5/5 levels left

rFire   . . .      SeeInvis .   a - +1 rapier
rCold   . . .      Faith    .   c - +0 buckler
rNeg    . . .      Spirit   .   b - +0 scale mail
rPois   .          Reflect  .   (no helmet)
rElec   .          Harm     .   (no cloak)
rCorr   +          Rampage  .   e - +0 pair of gloves
Will    .....                   (no boots)
Stlth   +.........              (no amulet)
HPRegen 0.16/turn               g - ring of resist corrosion
MPRegen 0.10/turn               (no ring)

@: no status effects
A: iridescent scales 1, high MP 1
a: no special abilities


You were on level 4 of the Dungeon.
You visited 1 branch of the dungeon, and saw 4 of its levels.
You also visited: Ossuary.

You collected 293 gold pieces.

Inventory:

Hand Weapons
 a - a +1 rapier (weapon)
 o - a +0 sling
 t - a +1 hand axe of draining
Missiles
 f - 3 datura-tipped darts (quivered)
 n - 4 boomerangs
Armour
 b - a +0 scale mail (worn)
 c - a +0 buckler (worn)
 e - a +0 pair of gloves (worn)
 r - a +0 helmet
Jewellery
 g - a ring of resist corrosion (left hand)
Scrolls
 i - 5 scrolls of teleportation
 j - 2 scrolls of immolation
 k - a scroll of fear
 u - a scroll of magic mapping
 x - a scroll of summoning
Potions
 d - 2 potions of magic
 q - a potion of cancellation
 v - a potion of mutation


   Skills:
 + Level 3.9 Fighting
 + Level 3.2 Short Blades
 + Level 3.8 Armour
 * Level 3.2 Stealth
 + Level 4.0 Shields


You had 5 spell levels left.
You didn't know any spells.
Your spell library contained the following spells:

 Spells                   Type           Power      Damage    Failure   Level
 Summon Guardian Golem    Hex/Summ       0%         N/A       100%        3
 Orb of Destruction       Conj           0%         9d5       100%        7
 Spellforged Servitor     Conj/Summ      0%         N/A       100%        7


Dungeon Overview and Level Annotations

Branches:
Dungeon (4/15)            Ossuary (visited)
 Temple: D:4-7

Altars:

Annotations:
D:2 Sigmund


Innate Abilities, Weirdness & Mutations

You are partially covered in iridescent scales. (AC +2)
You have an increased reservoir of magic. (+10% MP)


Message History

You kill the jelly!
You feel your dexterity returning.
Your Stealth skill increases to level 3!
Your Shields skill increases to level 4!
You are no longer corroded.
You start resting.
An iguana is nearby!
An iguana is nearby!
An iguana is nearby!
An iguana is nearby!
Unknown command.
The iguana hisses angrily.
There is an open door here.
The iguana attacks as you move away!
The iguana bites you but does no damage.
You hit the iguana.
The iguana is lightly wounded.
The iguana barely misses you.
You hit the iguana but do no damage.
The iguana is lightly wounded.
The iguana bites you.
* * * LOW HITPOINT WARNING * * *
You hit the iguana.
The iguana is lightly wounded.
The iguana bites you.
* * * LOW HITPOINT WARNING * * *
You hit the iguana but do no damage.
The iguana is lightly wounded.
The iguana closely misses you.
You hit the iguana.
The iguana is heavily wounded.
The iguana bites you but does no damage.
You closely miss the iguana.
The iguana is heavily wounded.
The iguana bites you!
* * * LOW HITPOINT WARNING * * *
You hit the iguana but do no damage.
The iguana is heavily wounded.
The iguana bites you!
You die...

.#######...#.....#(####........#
.)...............+....#........#
...#####...#.....#.##.#........#
.................+.##.##########
.#..####.##.#....####.# ##..#
#.#..........#.# ##.##
##.####.......#.# ....
........##l##.#+######## .#.#
#.......#.@.#......<...# .#
######..#...#..........# .#
........#...#......))..# .#
#######.#####..........#
.############.......##########
..........l.........#
.#################### .# .#


You could see an iguana.

Vanquished Creatures
  A jelly (D:4)
  Terence (D:2)
  3 mummies (Ossuary)
  8 adders
  2 worms
  3 dart slugs
  9 orcs
  5 endoplasms
  3 giant cockroaches
  4 gnoll zombies (Ossuary)
  4 goblins
  3 hobgoblins
  4 jackals (D:3)
  A quokka (D:1)
  7 ball pythons
  2 bats
  2 frilled lizards
  3 goblin zombies (Ossuary)
  2 hobgoblin zombies (Ossuary)
  6 kobolds
  3 kobold zombies (Ossuary)
  4 rats
80 creatures vanquished.

Notes
Turn   | Place    | Note
-------+----------+-------------------------------------------
     0 | D:1      | Zonian the Human Fighter began the quest for the Orb.
     0 | D:1      | Reached XP level 1. HP: 18/18 MP: 1/1
   258 | D:1      | Reached XP level 2. HP: 24/24 MP: 2/2
   746 | D:1      | Reached XP level 3. HP: 29/29 MP: 3/3
  1108 | D:2      | Noticed Terence
  1298 | D:2      | Gained mutation: You have an increased reservoir of magic.
                  | (+10% MP) [potion of mutation]
  1298 | D:2      | Gained mutation: You are partially covered in iridescent
                  | scales. (AC +2) [potion of mutation]
  1303 | D:2      | Killed Terence
  1304 | D:2      | Reached skill level 1 in Stealth
  1304 | D:2      | Reached XP level 4. HP: 6/35 MP: 4/4
  1939 | D:2      | Reached XP level 5. HP: 41/41 MP: 5/5
  1962 | D:2      | Noticed Sigmund
  4249 | D:4      | Found a sand-covered staircase.
  4254 | Ossuary  | Entered an ossuary
  4254 | Ossuary  | Noticed a wraith
  4254 | Ossuary  | Noticed a wraith
  4254 | Ossuary  | Noticed a wraith
  4527 | Ossuary  | Reached XP level 6. HP: 21/48 MP: 6/6
  5316 | Ossuary  | Noticed a wraith
  5339 | Ossuary  | HP: 2/48 [wraith (11)]
  6237 | D:4      | Reached skill level 4 in Shields
  6319 | D:4      | Mangled by an iguana

Illustrated notes

Levels and vault maps discovered:
D:1:      wander_arrival_estate, layout_loops_corners
D:2:      layout_basic, uniq_terence, uniq_sigmund
D:3:      layout_loops_ring, minivault_11
D:4:      layout_basic, enter_ossuary_2

Skill      XL: |  1  2  3  4  5  6 |
---------------+-------------------+-----
Stealth        | 1 2 3 |  3.2
Short Blades   | 3 |  3.2
Shields        | 4 |  4.0
Fighting       | |  3.9
Armour         | |  3.8

Action                   |  1- 3 |  4- 6 || total
-------------------------+-------+-------++-------
Melee: Rapier            |   103 |   389 ||   492
Throw: Dart              |       |     2 ||     2
  Use: Potion            |     5 |    10 ||    15
       Scroll            |       |    10 ||    10
Armor: Scale mail        |    41 |   189 ||   230
       Skin              |     6 |       ||     6
Dodge: Dodged            |    38 |   136 ||   174
Block: Buckler           |    21 |    79 ||   100

Table legend: (Time is in decaauts)
 A = Elapsed time spent in this place.
 B = Non-inter-level travel time spent in this place.
 C = Inter-level travel time spent in this place.
 D = Time resting spent in this place.
 E = Time spent auto-exploring this place.
 F = Levels seen in this place.
 G = Mean time per level.
                   A        B        C        D        E       F      G
               +--------+--------+--------+--------+--------+-----+--------+
         Total |   6403 |   6269 |    134 |   2409 |   2546 |   5 | 1280.6 |
       Dungeon |   4994 |   4860 |    134 |   1559 |   2336 |   4 | 1248.5 |
       Ossuary |   1409 |   1409 |      0 |    850 |    210 |   1 | 1409.0 |
               +--------+--------+--------+--------+--------+-----+--------+

Top non-repeatable levels by time:
     D:1: 1713 daAuts
     D:3: 1430 daAuts
 Ossuary: 1409 daAuts
     D:2: 1087 daAuts
     D:4: 763 daAuts
